 Dungeon Crawl Stone Soup version 0.27-a0-1188-g73eefd5def (webtiles) character file.

Game seed: 3840514127644176514

5342 Lemonice the Agent of Entropy (level 10, -5/79 HPs)
             Began as a Demonspawn Abyssal Knight on May 21, 2021.
             Was a Priest of Lugonu.
             Slain by Grum
             ... wielding a +0 rapier of freezing
              (15 damage)
             ... on level 8 of the Dungeon.
             The game lasted 00:23:31 (15609 turns).

Lemonice the Agent of Entropy (DsAK)               Turns: 15609, Time: 00:23:31

Health: -5/79      AC: 22    Str: 16    XL:     10   Next: 38%
Magic:  17/17      EV:  9    Int: 13    God:    Lugonu [***...]
Gold:   265        SH:  0    Dex: 13    Spells: 9/9 levels left

rFire    + + .     SeeInvis .   a - +1 hand axe
rCold    + . .     Faith    .   (no shield)
rNeg     . . .     Spirit   .   D - +1 chain mail {rF+}
rPois    .         Reflect  .   c - +2 helmet
rElec    .         Harm     .   I - scarf {rC+ rF+}
rCorr    .         Rampage  .   n - +2 pair of gloves
Will     .....                  f - +0 pair of boots
Stlth    ..........             (no amulet)
HPRegen  0.23/turn              (no ring)
MPRegen  0.30/turn              (no ring)

@: studying Air Magic
A: icy blue scales 2, powered by pain 1, magic regeneration
a: Renounce Religion, Depart the Abyss, Bend Space, Banish


You were on level 8 of the Dungeon.
You worshipped Lugonu.
Lugonu was most pleased with you.
You visited 1 branch of the dungeon, and saw 8 of its levels.
You visited the Abyss 1 time.
You also visited: Ossuary.

You collected 315 gold pieces.
You spent 50 gold pieces at shops.

Inventory:

Hand Weapons
 a - a +1 hand axe (weapon)
 M - a +0 battleaxe
 P - the +0 trident "Demonspawn's Bane" {vorpal, Dex+3}
   (You found it on level 8 of the Dungeon)

   It inflicts extra damage upon your enemies.
   It affects your dexterity (+3).
Armour
 b - a +0 leather armour
 c - a +2 helmet (worn)
 d - a +0 cloak
 f - a +0 pair of boots (worn)
 n - a +2 pair of gloves (worn)
 C - a +1 pair of gloves
 D - a +1 chain mail of fire resistance (worn)
 I - a scarf of resistance (worn)
 K - +0 steam dragon scales
 N - a +1 ring mail of willpower
Jewellery
 l - a ring of magical power
 E - a +4 ring of protection
Wands
 y - a wand of polymorph (19)
 G - a wand of charming (4)
Scrolls
 e - 7 scrolls of teleportation
 g - 3 scrolls of identify {unknown}
 i - 2 scrolls of blinking {unknown}
 j - 4 scrolls of magic mapping {unknown}
 k - a scroll of enchant armour {unknown}
 m - 3 scrolls of amnesia {unknown}
 p - 2 scrolls of noise {unknown}
 r - 3 scrolls of vulnerability {unknown}
 w - 2 scrolls of fear {unknown}
 F - a scroll of torment {unknown}
 H - a scroll of summoning {unknown}
 L - a scroll of fog {unknown}
Potions
 h - 2 potions of heal wounds
 o - 2 potions of attraction {unknown}
 q - 4 potions of curing {unknown}
 s - 3 potions of flight {unknown}
 t - 3 potions of haste {unknown}
 u - 2 potions of magic {unknown}
 v - 3 potions of might
 x - a potion of brilliance {unknown}
 z - 2 potions of invisibility {unknown}
 A - a potion of ambrosia {unknown}
 B - a potion of lignification {unknown}
 J - a potion of mutation {unknown}
 O - a potion of berserk rage {unknown}


   Skills:
 + Level 7.5 Fighting
 + Level 6.6 Axes
 + Level 6.5 Armour
 + Level 6.3 Dodging
 + Level 9.4 Invocations


You had 9 spell levels left.
You didn't know any spells.
Your spell library contained the following spells:

 Spells                   Type           Power      Damage    Failure   Level
 Foxfire                  Conj/Fire      0%         2x1d4     99%         1
 Magic Dart               Conj           0%         1d3       99%         1
 Blink                    Tloc           N/A        N/A       99%         2
 Call Imp                 Summ           0%         N/A       99%         2
 Slow                     Hex            0%         N/A       99%         2
 Conjure Flame            Conj/Fire      0%         6-21      100%        3
 Inner Flame              Hex/Fire       0%         N/A       100%        3
 Mephitic Cloud           Conj/Pois/Air  0%         N/A       100%        3
 Sticky Flame             Conj/Fire      0%         2d3       100%        4
 Fireball                 Conj/Fire      0%         3d3       100%        5


Dungeon Overview and Level Annotations

Branches:
Dungeon (8/15)             Temple (0/1) D:6         Ossuary (visited)
   Lair: D:8-11

Altars:
Dithmenos
Elyvilon
Hepliaklqana
Sif Muna
Beogh

Shops:
D:3 !   D:4 !

Annotations:
D:3 3 runed translucent doors, tensugalgo's ghost, amateur DDHu
D:8 Grum


Innate Abilities, Weirdness & Mutations

You are mostly covered in icy blue scales. (AC +3)
You sometimes gain a little power by taking damage.
You regenerate magic rapidly.


Message History

You barely miss Grum.
Grum is moderately wounded.
Grum closely misses you.
You hit Grum.
Grum is moderately wounded.
Grum hits you with a +0 rapier of freezing!
Grum freezes you.
You slash Grum!
Grum is heavily wounded.
Grum shouts, "Pluto!
Good boy!"
Grum closely misses you.
You barely miss Grum.
Grum is heavily wounded.
Grum hits you but does no damage.
You hit Grum.
Grum is severely wounded.
Grum closely misses you.
You closely miss Grum.
Grum is severely wounded.
Grum hits you with a +0 rapier of freezing!!
Grum freezes you.
You hit Grum but do no damage.
Grum is severely wounded.
Grum barely misses you.
You hit Grum.
Grum is severely wounded.
Grum hits you with a +0 rapier of freezing!
* * * LOW HITPOINT WARNING * * *
Grum freezes you.
* * * LOW HITPOINT WARNING * * *
You hit Grum.
Grum is almost dead.
Grum hits you with a +0 rapier of freezing!
* * * LOW HITPOINT WARNING * * *
Grum freezes you.
* * * LOW HITPOINT WARNING * * *
You barely miss Grum.
Grum is almost dead.
Grum hits you with a +0 rapier of freezing!
You die...

# ###.##..##......#...........#
### #......##._....#...........#
#.####......#......#.....#.....#
..##........# ....#.....#.#####
...#........#####.##........#
...#...<...................##
....#........#..)(..........###
..........#..#.)#.............#
.......(.###.)..@###...###...##
#........# #.[[g.###...###..##
.....#...# ##)<.............##
.........###.....###.........#
..............######.........###
...(.........######..##.........#
.............###..#..##.....###..
##########.......#..##.........
#.|............###....


You could see Grum (strong).

Vanquished Creatures
  A manticore (D:8)
  Maggie (D:7)
  2 wyverns
  Eustachio (D:4)
  2 steam dragons
  Duvessa (D:5)
  A water moccasin (D:7)
  A black bear (D:5)
  2 ice beasts
  3 orc warriors (D:7)
  2 sky beasts
  2 centaurs
  2 ogres
  3 wolves (D:7)
  3 phantoms
  3 bullfrogs (D:7)
  An elf zombie (D:4)
  A scorpion (D:4)
  A water moccasin zombie (D:5)
  2 elf skeletons (D:4)
  3 water moccasin skeletons
  Dowan (D:5)
  3 killer bees (D:7)
  A wight (D:7)
  A howler monkey (D:5)
  A centaur zombie (D:7)
  3 jellies
  2 orc priests
  4 hounds
  A gnoll shaman (D:6)
  3 orc wizards
  3 iguanas
  A scorpion zombie (D:5)
  A killer bee zombie (D:6)
  A hound zombie (D:5)
  A hound skeleton (D:4)
  13 mummies (Ossuary)
  A howler monkey zombie (D:7)
  18 gnolls
  A howler monkey skeleton (D:7)
  4 adders
  A shadow imp (D:6)
  2 white imps
  An ufetubus (D:7)
  An adder skeleton (D:4)
  3 worms
  3 dart slugs
  27 orcs
  3 endoplasms
  2 giant cockroaches (D:3)
  10 goblins
  5 hobgoblins
  9 jackals
  6 kobolds
  4 quokkas
  3 ball pythons
  3 bats
  3 frilled lizards
  A gnoll skeleton (Ossuary)
  A goblin skeleton (Ossuary)
  3 kobold skeletons (Ossuary)
  6 orc skeletons
  5 rats
  11 rat skeletons (Ossuary)
215 creatures vanquished.

Vanquished Creatures (others)
  A killer bee (D:8)
  5 orcs
6 creatures vanquished.

Grand Total: 221 creatures vanquished

Notes
Turn   | Place    | Note
-------+----------+-------------------------------------------
     0 | Abyss:1  | Lemonice the Demonspawn Abyssal Knight began the quest for
                  | the Orb.
     0 | Abyss:1  | Reached XP level 1. HP: 18/18 MP: 2/2
    10 | Abyss:2  | Found a corrupted altar of Lugonu.
    46 | Abyss:2  | Noticed a large abomination
    50 | Abyss:2  | Noticed a shadow
    53 | Abyss:2  | Noticed a neqoxec
    53 | Abyss:2  | Noticed a wretched star
    54 | D:1      | Escaped the Abyss
   138 | D:1      | Reached skill level 1 in Dodging
   441 | D:1      | Reached * piety under Lugonu
   442 | D:1      | Gained mutation: You regenerate magic rapidly. [demonic
                  | ancestry]
   442 | D:1      | Reached XP level 2. HP: 23/24 MP: 4/4
  1163 | D:2      | Reached skill level 3 in Invocations
  1244 | D:2      | Reached XP level 3. HP: 10/29 MP: 5/5
  2094 | D:3      | Found a runed translucent gate.
  2096 | D:3      | Found a runed translucent gate.
  2580 | D:3      | Found Dustruduro's Distillery.
  2589 | D:3      | Bought a potion of heal wounds for 50 gold pieces
  2706 | D:3      | Gained mutation: You are partially covered in icy blue
                  | scales. (AC +2) [demonic ancestry]
  2706 | D:3      | Reached XP level 4. HP: 32/35 MP: 6/6
  2795 | D:3      | Reached ** piety under Lugonu
  3353 | D:3      | Noticed tensugalgo's ghost (amateur DDHu)
  3396 | D:3      | Found a runed translucent gate.
  3526 | D:4      | Reached XP level 5. HP: 41/42 MP: 7/7
  3569 | D:4      | Found Yhid's Distillery.
  3680 | D:4      | Reached skill level 4 in Invocations
  3686 | D:4      | Found a sand-covered staircase.
  3708 | D:4      | Gained mutation: You are mostly covered in icy blue scales.
                  | (AC +3) [demonic ancestry]
  3708 | D:4      | Reached XP level 6. HP: 31/48 MP: 9/9
  3711 | Ossuary  | Entered an ossuary
  5068 | Ossuary  | Reached *** piety under Lugonu
  5218 | D:4      | Reached XP level 7. HP: 41/55 MP: 10/10
  5332 | D:4      | Reached skill level 5 in Invocations
  5678 | D:4      | Noticed Eustachio
  6558 | D:4      | Killed Eustachio
  7009 | D:5      | Entered Level 5 of the Dungeon
  7033 | D:5      | Reached skill level 5 in Fighting
  7081 | D:5      | Gained mutation: You sometimes gain a little power by
                  | taking damage. [demonic ancestry]
  7081 | D:5      | Reached XP level 8. HP: 55/62 MP: 12/12
  7105 | D:5      | Reached skill level 6 in Invocations
  8374 | D:5      | Noticed Dowan
  8375 | D:5      | Noticed Duvessa
  8405 | D:5      | Killed Dowan
  8492 | D:5      | Killed Duvessa
  8766 | D:5      | Found a hazy altar of Hepliaklqana.
  9156 | D:6      | Reached skill level 7 in Invocations
  9469 | D:6      | Reached skill level 5 in Axes
  9735 | D:6      | Reached skill level 5 in Armour
 10033 | D:6      | Reached XP level 9. HP: 63/69 MP: 14/14
 10068 | D:6      | Found a staircase to the Ecumenical Temple.
 10974 | D:7      | Reached **** piety under Lugonu
 10975 | D:7      | Reached skill level 5 in Dodging
 11240 | D:7      | Found a shimmering blue altar of Sif Muna.
 11241 | D:7      | Found a shadowy altar of Dithmenos.
 11606 | D:7      | Noticed Maggie
 11644 | D:7      | Killed Maggie
 11645 | D:7      | Reached skill level 8 in Invocations
 12681 | D:7      | Noticed a cyclops
 12724 | D:7      | HP: 1/71 [cyclops/large rock (29)]
 12728 | D:7      | Banished a cyclops
 13209 | D:8      | Noticed Grum
 13231 | D:7      | Reached XP level 10. HP: 26/79 MP: 16/16
 13579 | D:8      | Noticed a manticore
 13747 | D:7      | Reached skill level 9 in Invocations
 14799 | D:8      | Identified the +0 trident "Demonspawn's Bane" {vorpal,
                  | Dex+3}
 15183 | D:8      | Killed a manticore
 15609 | D:8      | Slain by Grum

Illustrated notes

Levels and vault maps discovered:
D:1:      dpeg_arrival_tiny_g, layout_loops_ring
D:2:      layout_basic
D:3:      layout_loops_ring, serial_shops, nicolae_shop_trees,
          gammafunk_ghost_icy
D:4:      layout_loops_corners, serial_shops, nicolae_shop_waterfront,
          nicolae_ossuary_entry_catacombs, uniq_eustachio
D:5:      layout_loops_corners, nicolae_overflow_hidden_temple, uniq_duvessa
D:6:      layout_cave_pods, temple_doors_e
D:7:      layout_basic, marbit_many_paths,
          chequers_temple_overflow_statue_of_worship,
          chequers_serial_rivers_small_a, grunt_ministairs_15,
          minmay_manual_mail, uniq_maggie
D:8:      layout_cave_pools, nicolae_tso_carved_into_rock, special_room
          [special_room_orc], hangedman_decor_growths, uniq_grum

Skill      XL: |  1  2  3  4  5  6  7  8  9 10 |
---------------+-------------------------------+-----
Dodging        | 1 2 3 4 5 6 |  6.3
Axes           | 2 3 4 5 6 |  6.6
Armour         | 2 3 4 5 6 |  6.5
Invocations    | 3 4 5 7 8 9 |  9.4
Fighting       | 4 5 6 7 |  7.5

Action                   |  1- 3 |  4- 6 |  7- 9 | 10-12 || total
-------------------------+-------+-------+-------+-------++-------
Melee: Hand axe          |   142 |   393 |   888 |   308 ||  1731
Invok: Depart the Abyss  |     1 |       |       |       ||     1
       Bend Space        |       |       |     3 |       ||     3
       Banish            |       |       |     3 |       ||     3
  Use: Potion            |       |       |     2 |     1 ||     3
       Scroll            |       |       |     1 |       ||     1
Armor: Leather armour    |    75 |   123 |   363 |       ||   561
       Chain mail        |       |       |   392 |   302 ||   694
Dodge: Dodged            |    85 |   155 |   691 |   223 ||  1154

Table legend: (Time is in decaauts)
 A = Elapsed time spent in this place.
 B = Non-inter-level travel time spent in this place.
 C = Inter-level travel time spent in this place.
 D = Time resting spent in this place.
 E = Time spent auto-exploring this place.
 F = Levels seen in this place.
 G = Mean time per level.
                   A        B        C        D        E       F      G
               +--------+--------+--------+--------+--------+-----+--------+
         Total |  15774 |  15565 |    209 |      0 |  12347 |  11 | 1434.0 |
       Dungeon |  14238 |  14029 |    209 |      0 |  11214 |   8 | 1779.8 |
         Abyss |     53 |     53 |      0 |      0 |      4 |   2 |   26.5 |
       Ossuary |   1482 |   1482 |      0 |      0 |   1129 |   1 | 1482.0 |
               +--------+--------+--------+--------+--------+-----+--------+

Top non-repeatable levels by time:
     D:7: 3979 daAuts
     D:5: 2214 daAuts
     D:4: 1836 daAuts
     D:3: 1701 daAuts
     D:6: 1652 daAuts
 Ossuary: 1482 daAuts
     D:1: 1104 daAuts
     D:2: 949 daAuts
     D:8: 800 daAuts
 Abyss:2: 43 daAuts
 Abyss:1: 10 daAuts
